 Dungeon Crawl Stone Soup version 0.22-a0-558-gc2241811a9 (webtiles) character file.

21 Kholdaimon the Skirmisher (level 2, -3/32 HPs)
             Began as an Ogre Fighter on June 27, 2018.
             Slain by a leopard gecko (4 damage)
             ... on level 1 of the Dungeon.
             The game lasted 00:03:30 (608 turns).

Kholdaimon the Skirmisher (Ogre Fighter)             Turns: 608, Time: 00:03:30

Health: -3/32      AC:  3    Str: 19    XL:     2   Next: 87%
Magic:  2/2        EV:  8    Int:  9    God:
Gold:   70         SH:  8    Dex:  8    Spells: 1/1 levels left

rFire    . . .     SeeInvis .   a - +0 war axe
rCold    . . .     Gourm    .   c - +0 shield
rNeg     . . .     Faith    .   b - +0 robe
rPois    .         Spirit   .   (helmet restricted)
rElec    .         Reflect  .   (no cloak)
rCorr    .         Harm     .   (gloves unavailable)
MR       .....                  (boots unavailable)
Stlth    +.........             (no amulet)
HPRegen  0.10/turn              (no ring)
MPRegen  0.08/turn              (no ring)

@: lethally poisoned (-3 -> -23)
A: large, unfitting armour, tough skin 1
a: no special abilities


You were on level 1 of the Dungeon.
You were not hungry.

You visited 1 branch of the dungeon, and saw 2 of its levels.

You collected 70 gold pieces.

Inventory:

Hand Weapons
 a - a +0 war axe (weapon)
 k - a +3 short sword of electrocution
 m - a cursed -1 dagger
Missiles
 e - 39 stones (quivered)
 i - 7 tomahawks
 l - 24 arrows
 r - 10 sling bullets
Armour
 b - a +0 robe (worn)
 c - a +0 shield (worn)
Scrolls
 h - a scroll of identify {unknown}
 j - a scroll of enchant armour {unknown}
 n - a scroll of teleportation {unknown}
 o - a scroll of fog {unknown}
 p - 2 scrolls of remove curse {unknown}
Potions
 d - a potion of might
 q - 2 potions of curing {unknown}
 s - a potion of brilliance {unknown}
Comestibles
 f - 2 rations


   Skills:
 + Level 4.3 Fighting
 * Level 2.3 Axes
 + Level 2.9 Dodging
 * Level 3.0 Shields


You had one spell level left.
You didn't know any spells.
Your spell library was empty.

Dungeon Overview and Level Annotations

Branches:
Dungeon (2/15)

Altars:


Innate Abilities, Weirdness & Mutations

You are too large for most types of armour.
You have tough skin. (AC +1)


Message History

The leopard gecko barely misses you. The kobold hits you but does no damage.
You are more poisoned.
The leopard gecko bites you.
You hit the kobold.
The kobold is moderately wounded.
You hit the leopard gecko.
* * * LOW HITPOINT WARNING * * *
You feel very sick. The leopard gecko bites you.
* * * LOW HITPOINT WARNING * * *
You block the kobold's attack. The leopard gecko bites you.
* * * LOW HITPOINT WARNING * * *
The kobold closely misses you.
You hit the kobold.
The kobold is moderately wounded.
You closely miss the leopard gecko.
* * * LOW HITPOINT WARNING * * *
You feel very sick. The leopard gecko bites you.
You die...

############### #########
#.............# #.......#
#.............# #........
#.............# #........
#.......K.....##########..
#........@................
#.....#.l.#+#......####...
#.....+.....#....#........
#.....#.....#.............
##............#...........
#.....#..........#.......
#.....#...#..............
##.....#...#.....#......#.
#.........................


You could see a leopard gecko and a kobold.

Vanquished Creatures
  An ooze (D:1)
  A dart slug (D:1)
  3 hobgoblins (D:1)
  2 bats
  A frilled lizard (D:1)
  2 goblins (D:1)
  2 kobolds (D:1)
  5 rats (D:1)
17 creatures vanquished.

Notes
Turn   | Place    | Note
-------+----------+-------------------------------------------
     0 | D:1      | Kholdaimon the Ogre Fighter began the quest for the Orb.
     0 | D:1      | Reached XP level 1. HP: 24/24 MP: 1/1
   166 | D:1      | Reached XP level 2. HP: 32/32 MP: 2/2
   608 | D:1      | HP: 1/32 [poisoned by a kobold]
   608 | D:1      | Slain by a leopard gecko

Vault maps used:
D:1:      erik_arrival_blinker_ship, item_on_display_b
D:2:      eat_drink_and_be_merry_uskayaw, first_ration

Skill      XL: |  1  2 |
---------------+-------+-----
Shields        | 3 |  3.0
Fighting       | |  4.3
Axes           | |  2.3
Dodging        | |  2.9

Action                   || total
-------------------------++-------
Melee: War axe           ||    66
 Stab: Sleeping          ||     1
Armor: Robe              ||    22
Dodge: Dodged            ||    25
Block: Shield            ||    41

Table legend:
 A = Spawn XP
 B = Non-spawn XP
 C = Spawn XP percentage of total XP
 D = Spawn monster count
 E = Non-spawn monster count
 F = Spawn count percentage of total count
 G = Total turns spent on level
                    A         B        C        D         E        F      G
               +---------+---------+-------+---------+---------+-------+---------
         Total |       0 |      31 |   0.0 |       0 |      17 |   0.0 |   608
               +---------+---------+-------+---------+---------+-------+---------
           D:1 |       0 |      30 |   0.0 |       0 |      16 |   0.0 |   602
           D:2 |       0 |       1 |   0.0 |       0 |       1 |   0.0 |     6
               +---------+---------+-------+---------+---------+-------+---------
